 Dungeon Crawl Stone Soup version 0.30-b1-2-g02819fbbbe (webtiles) character file.

Game seed: 12049947289386620403

8 Alarkh the Charlatan (level 2, 22/22 HPs)
             Began as a Demonspawn Artificer on July 11, 2023.
             Got out of the dungeon alive.
             The game lasted 00:00:15 (509 turns).

Alarkh the Charlatan (Demonspawn Artificer)          Turns: 509, Time: 00:00:16

Health: 22/22      AC:  5    Str: 12    XL:     2   Next: 0%
Magic:  2/2        EV: 11    Int: 12    God:
Gold:   53         SH:  0    Dex: 13    Spells: 1/1 levels left

rFire   . . .        a - +0 club
rCold   . . .        (no shield)
rNeg    . . .        b - +0 leather armour
rPois   .            (no helmet)
rElec   .            (no cloak)
rCorr   .            (no gloves)
SInv    .            (no boots)
Will    .....        (no amulet)
Stlth   +            (no ring)
HPRegen 0.23/turn    (no ring)
MPRegen 0.08/turn

%: no passive effects
@: no status effects
A: slimy green scales 1
a: no special abilities


You escaped.
You visited 1 branch of the dungeon, and saw 1 of its levels.

You collected 53 gold pieces.

Inventory:

Hand Weapons
 a - a +0 club (weapon)
Armour
 b - a +0 leather armour (worn)
Wands
 c - a wand of flame (15) (quivered)
 d - a wand of charming (15)
 e - a wand of iceblast (5)
Scrolls
 g - a scroll of fear {unknown}
 h - a scroll of brand weapon {unknown}
 j - a scroll of identify {unknown}
Potions
 f - a potion of flight {unknown}
 i - a potion of haste {unknown}
 k - a potion of degeneration {unknown}
 l - a potion of might {unknown}


   Skills:
 + Level 2.1 Fighting
 - Level 1.7 Armour
 - Level 0.8 Dodging
 - Level 0.8 Stealth
 - Level 3.0 Evocations


You had one spell level left.
You didn't know any spells.
Your spell library was empty.

Dungeon Overview and Level Annotations

Branches:
Dungeon (1/15)

Altars:


Innate Abilities, Weirdness & Mutations

You are partially covered in slimy green scales. (AC +2)


Message History

k - a coppery potion You see here a +0 dagger.
You see here 6 stones.
l - a ruby potion No target in view!
You now have 53 gold pieces (gained 11).
You see here a +0 hand axe.
There is a stone staircase leading down here.
Key pressed, stopping explore.
You see here 3 boomerangs.
There is a stone staircase leading down here.
You see here a ball python skeleton.
A bat comes into view.
Found a ruby potion.
Found 4 gold pieces.
You hit the bat.
The bat is moderately wounded.
The bat closely misses you. The bat hits you but does no damage.
You miss the bat.
The bat is moderately wounded.
The bat hits you but does no damage. x2
You barely miss the bat.
The bat is moderately wounded.
The bat closely misses you.
You barely miss the bat.
The bat is moderately wounded.
The bat barely misses you. The bat closely misses you.
The bat hits you but does no damage.
You hit the bat.
You kill the bat!
You have reached level 2!
Your demonic ancestry asserts itself...
Slimy green scales grow over part of your body.
Unknown command.
You see here a ball python skeleton.
There is a stone staircase leading down here.
You see here 3 boomerangs.
There is a staircase leading out of the dungeon here.
Are you sure you want to leave the Dungeon?
This will make you lose the game!
You have escaped!

#.#####.....###########.#######.#
#.## #......)....................
...# #.####......[......#######.#
...# #.# #.♣♣♣♣♣♣♣♣♣............
...# #.# #.♣PP..PP..♣...####..#.
...# #.# #.♣PP.)P...♣...#.......
...# #.# #.♣..PP...P♣...#.#####.
...# #.# #.♣..P...PP♣...#.......
...# #.# #)♣PP.@.P..♣...#.......
#### #.# #.♣P...PP..♣...#.######
#.# ##.♣...P..PP♣....(...... #.#
#..♣..PP..PP♣..##.###### #.#
#...♣♣♣♣♣♣♣♣♣...#.# #.#
#...............#.#
#.###.##..########..#.#
#..............#....#.#
##############.#.#.##.#


There were no monsters in sight!

Vanquished Creatures
  A ball python (D:1)
  A bat (D:1)
  A giant cockroach (D:1)
  A goblin (D:1)
  A kobold (D:1)
  A frilled lizard (D:1)
  A rat (D:1)
7 creatures vanquished.

Notes
Turn   | Place    | Note
-------+----------+-------------------------------------------
     0 | D:1      | Alarkh the Demonspawn Artificer began the quest for the
                  | Orb.
     0 | D:1      | Reached XP level 1. HP: 15/15 MP: 1/1
   464 | D:1      | Gained mutation: You are partially covered in slimy green
                  | scales. (AC +2) [demonic ancestry]
   464 | D:1      | Reached XP level 2. HP: 22/22 MP: 2/2
   509 | D:$      | Got out of the dungeon alive.

Illustrated notes

Levels and vault maps discovered:
D:1:      scummos_arrival_checkerplants, layout_basic

Skill      XL: |  1 |
---------------+----+-----
Fighting       | 2 |  2.1
Armour         | |  1.7
Dodging        | |  0.8
Stealth        | |  0.8
Evocations     | |  3.0

Action                     || total
---------------------------++-------
  Melee: Club              ||    27
         Punch             ||     1
   Stab: Sleeping          ||     1
 Armour: Leather armour    ||    11
  Dodge: Dodged            ||    19
